 Dungeon Crawl Stone Soup version 0.28-a0-1234-g826d19b2e0 (webtiles) character file.

Game seed: 15137453962198973397

1 ChaosChampion the Ruffian (level 1, -1/16 HPs)
             Began as a Draconian Transmuter on Dec 24, 2021.
             Succumbed to a kobold's poison
             ... on level 1 of the Dungeon.
             The game lasted 00:00:05 (82 turns).

ChaosChampion the Ruffian (Draconian Transmuter)      Turns: 82, Time: 00:00:06

Health: -1/16      AC:  4    Str: 12    XL:     1   Next: 16%
Magic:  2/3        EV: 12    Int: 13    God:
Gold:   0          SH:  0    Dex: 11    Spells: 3/4 levels left

rFire   . . .      SeeInvis .     - Unarmed
rCold   . . .      Faith    .   (no shield)
rNeg    . . .      Spirit   .   (armour unavailable)
rPois   .          Reflect  .   (helmet restricted)
rElec   .          Harm     .   (no cloak)
rCorr   .          Rampage  .   (no gloves)
Will    .....                   (no boots)
Stlth   +.........              (no amulet)
HPRegen 0.05/turn               (no ring)
MPRegen 0.08/turn               (no ring)

@: lethally poisoned (-1 -> -13)
A: AC +4, unfitting armour, cold-blooded
a: no special abilities


You were on level 1 of the Dungeon.
You visited 1 branch of the dungeon, and saw 1 of its levels.

You aren't carrying anything.


   Skills:
 + Level 1.1 Fighting
 - Level 1.7 Dodging
 * Level 3.0 Unarmed Combat
 - Level 2.0 Spellcasting
 + Level 2.0 Transmutations


You had 3 spell levels left.
You knew the following spells:

 Your Spells              Type           Power      Damage    Failure   Level
a - Beastly Appendage     Tmut           12%        N/A       11%         1

Your spell library contained the following spells:

 Spells                   Type           Power      Damage    Failure   Level
 Wereblood                Tmut           6%         N/A       17%         2
 Spider Form              Tmut/Pois      3%         N/A       45%         3
 Ice Form                 Ice/Tmut       3%         N/A       86%         4


Dungeon Overview and Level Annotations

Branches:
Dungeon (1/15)

Altars:


Innate Abilities, Weirdness & Mutations

Your plain brown scales are hard. (AC +4)
You cannot fit into any form of body armour.
You are cold-blooded and may be slowed by cold attacks.


Message History

A kobold comes into view. It is wielding a +2 dagger of venom.
The kobold shouts!
The rat barely misses you.
You closely miss the rat. Your kick misses the rat. The rat misses you.
You hit the rat.
You kill the rat!
The kobold hits you with a +2 dagger of venom.
You are poisoned.
You closely miss the kobold. You tail-slap the kobold.
The kobold is severely wounded.
You feel sick. The kobold hits you but does no damage.
The hobgoblin closely misses you.
A kobold comes into view.
It is wielding a +1 short sword of speed.
You hit the kobold but do no damage. Your kick misses the kobold.
The kobold is moderately wounded.
You feel sick. The kobold barely misses you. The hobgoblin hits you.
You are too injured to fight recklessly!
You are too injured to fight recklessly!
You are too injured to fight recklessly!
You are too injured to fight recklessly!
You are too injured to fight recklessly!
You are too injured to fight recklessly!
You are too injured to fight recklessly!
You are too injured to fight recklessly!
You are too injured to fight recklessly!
You are too injured to fight recklessly!
You are too injured to fight recklessly!
You are too injured to fight recklessly!
You are too injured to fight recklessly!
You are too injured to fight recklessly!
You are too injured to fight recklessly!
A kobold comes into view. It is wielding a +0 club.
You feel sick.
The kobold shouts!
You hear an angry hiss.
The kobold hits you with a +2 dagger of venom.
* * * LOW HITPOINT WARNING * * *
You are more poisoned.
The kobold moves out of view.
Your horns disappear.
Your talons disappear.
You die...

##### #####...###
......#...#######
.##.#...........#
.##.##.#..#####.#
.##.##....# #.#
.##.#####.#
#.#######
.##.......#
#.@.)...#
.##########
###.##K.#≈≈ .#
#gKb...K≈ .#
#..#..#.. .# #..#
.# .# ...# .. .#
#..# .. .####
#..# . ....# #...


You could see a hobgoblin, a bat and 2 kobolds.

Vanquished Creatures
  A kobold (D:1)
  A rat (D:1)
2 creatures vanquished.

Notes
Turn   | Place    | Note
-------+----------+-------------------------------------------
     0 | D:1      | ChaosChampion the Draconian Transmuter began the quest for
                  | the Orb.
     0 | D:1      | Reached XP level 1. HP: 16/16 MP: 3/3
    82 | D:1      | Succumbed to a kobold's poison

Illustrated notes

Levels and vault maps discovered:
D:1:      dpeg_arrival_tiny_k, layout_loops_cross, serial_bayou,
          serial_bayou_pond_e, serial_bayou_pond_d, serial_bayou_lagoon_a,
          serial_bayou_crossing

Action                   || total
-------------------------++-------
Melee: Unarmed           ||     5
       Kick              ||     1
       Tailslap          ||     1
 Cast: Beastly Appendage ||     1
Armor: Skin              ||     1
Dodge: Dodged            ||     4

Table legend: (Time is in decaauts)
 A = Elapsed time spent in this place.
 B = Non-inter-level travel time spent in this place.
 C = Inter-level travel time spent in this place.
 D = Time resting spent in this place.
 E = Time spent auto-exploring this place.
 F = Levels seen in this place.
 G = Mean time per level.
                   A        B        C        D        E       F      G
               +--------+--------+--------+--------+--------+-----+--------+
         Total |     81 |     81 |      0 |      0 |     70 |   1 |   81.0 |
       Dungeon |     81 |     81 |      0 |      0 |     70 |   1 |   81.0 |
               +--------+--------+--------+--------+--------+-----+--------+

Top non-repeatable levels by time:
     D:1: 81 daAuts
